 Dungeon Crawl Stone Soup version 0.28.0 (webtiles) character file.

Game seed: 13525034919149396505

41 croobank the Sneak (level 3, -2/17 HPs)
             Began as a Felid Delver on Feb 10, 2022.
             Was an Initiate of Ashenzari.
             Slain by an iguana (6 damage)
             ... on level 2 of the Dungeon.
             The game lasted 00:12:45 (2351 turns).

croobank the Sneak (Felid Delver)                   Turns: 2351, Time: 00:12:46

Health: -2/17      AC:  5    Str:  8 (10) XL:     3   Next: 32%
Magic:  3/3        EV: 18    Int: 10 (11) God:    Ashenzari [......]
Gold:   106        SH:  0    Dex: 15 (17) Spells: 2/2 levels left
                                        Lives:  0   Deaths: 0

rFire   . . .      SeeInvis +     - Unarmed
rCold   . . .      Faith    .   (shield unavailable)
rNeg    . . .      Spirit   .   (armour unavailable)
rPois   .          Reflect  .   (helmet unavailable)
rElec   .          Harm     .   (cloak unavailable)
rCorr   .          Rampage  .   (gloves unavailable)
Will    .....                   (boots unavailable)
Stlth   ++++......              (no amulet)
HPRegen 0.05/turn               h - +4 ring of protection
MPRegen 0.08/turn               (no ring)

@: quick
A: very small, claws 1, fangs 3, see invisible, speed 1, shaggy fur 1, stealthy
paws, no weapons or thrown items, no armour, multi-lived, horns 1, low MP 1
a: Renounce Religion


You were on level 2 of the Dungeon.
You worshipped Ashenzari.
Ashenzari was noncommittal.
You visited 1 branch of the dungeon, and saw 5 of its levels.

You collected 106 gold pieces.

Inventory:

Missiles
 f - 16 bolts
 i - 49 stones
 n - 19 arrows
Jewellery
 h - a +4 ring of protection (left paw)
Wands
 e - a wand of digging (3)
Scrolls
 a - a scroll of fog
 b - 2 scrolls of magic mapping
 d - a scroll of noise {unknown}
 g - 6 scrolls of identify {unknown}
 j - a scroll of teleportation {unknown}
 l - a scroll of vulnerability {unknown}
 o - a scroll of amnesia {unknown}
Potions
 c - a potion of attraction {unknown}
 k - a potion of flight {unknown}
 m - a potion of lignification {unknown}


   Skills:
 + Level 3.3 Fighting
 + Level 3.4 Dodging
 + Level 7.1 Stealth
 + Level 2.4 Unarmed Combat


You had 2 spell levels left.
You didn't know any spells.
Your spell library was empty.

Dungeon Overview and Level Annotations

Branches:
Dungeon (5/15)
 Temple: D:4-7

Altars:
Ashenzari


Innate Abilities, Weirdness & Mutations

You have sharp claws.
You have razor-sharp teeth.
You have supernaturally acute eyesight. (SInv)
You cover ground quickly. (Speed+)
You are covered in fur. (AC +1)
Your paws help you pounce on unaware monsters.
You are incapable of wielding weapons or throwing items.
You cannot wear armour.
You gain extra lives every three experience levels.
You have a pair of small horns on your head.
Your magical capacity is low. (-10% MP)


Message History

You scratch the iguana. Your headbutt misses the iguana. You bite the iguana.
The iguana is severely wounded.
The iguana closely misses you.
You scratch the iguana but do no damage.
You headbutt the iguana. You bite the iguana, but do no damage.
The iguana is almost dead.
The iguana bites you!
Ouch! That really hurt!
* * * LOW HITPOINT WARNING * * *
You closely miss the iguana.
The iguana is almost dead.
The iguana barely misses you.
You scratch the iguana but do no damage.
Your headbutt misses the iguana. Your bite misses the iguana.
The iguana is almost dead.
The iguana completely misses you.
You barely miss the iguana.
The iguana is almost dead.
The iguana completely misses you.
You scratch the iguana.
The iguana is almost dead.
The iguana closely misses you.
You scratch the iguana but do no damage.
The iguana is almost dead.
The iguana misses you.
You closely miss the iguana.
The iguana is almost dead.
The iguana closely misses you.
You scratch the iguana but do no damage.
Your headbutt misses the iguana.
The iguana is almost dead.
The iguana completely misses you.
You scratch the iguana but do no damage.
Your bite misses the iguana.
The iguana is almost dead.
The iguana completely misses you.
You barely miss the iguana.
The iguana is almost dead.
The iguana bites you.
You die...

#.#
#........#
#.#
#........#
#.#
##########
#.# #.#
#.# #.#
#l# #@#
###


You could see an iguana.

Vanquished Creatures
  An adder (D:2)
  A worm (D:2)
  An orc (D:3)
  2 ball pythons
  2 endoplasms (D:2)
  3 giant cockroaches
  3 goblins
  A hobgoblin (D:2)
  4 kobolds (D:2)
  A quokka (D:2)
  3 bats
  3 frilled lizards
  2 rats
27 creatures vanquished.

Notes
Turn   | Place    | Note
-------+----------+-------------------------------------------
     0 | D:5      | croobank the Felid Delver began the quest for the Orb.
     0 | D:5      | Reached XP level 1. HP: 10/10 MP: 2/2
    66 | D:4      | Noticed an ogre
   205 | D:2      | Gained mutation: Your magical capacity is low. (-10% MP)
                  | [potion of mutation]
   205 | D:2      | Gained mutation: You have a pair of small horns on your
                  | head. [potion of mutation]
   212 | D:2      | Reached XP level 2. HP: 2/14 MP: 2/2
  1679 | D:2      | Reached skill level 7 in Stealth
  1679 | D:2      | Reached XP level 3. HP: 17/17 MP: 3/3
  1695 | D:2      | Found a broken altar of Ashenzari.
  1737 | D:2      | Became a worshipper of Ashenzari the Shackled
  2351 | D:2      | Slain by an iguana

Illustrated notes

Levels and vault maps discovered:
D:1:      minmay_arrival_solitary_statue, layout_basic
D:2:      layout_basic, basic_altar, kennysheep_generic_room_10
D:3:      layout_rooms, fedhas_altar_1, lemuel_coloured_pillars_altar,
          hellmonk_ecumenical_altar_inner_sanctum, minmay_misc_feat_nine_boxes,
          st_stairs_12, minmay_misc_feat_diagonals, minmay_fractal_squares_5
D:4:      layout_loops_ring, general_overflow_altar,
          nicolae_overflow_crystal_walls, hangedman_abyss_or_decor_stabs,
          minivault_1
D:5:      layout_rooms, mainiacjoe_overflow_alcove_1,
          minmay_temple_entry_large_hall, portal_sewer_entry_b, uniq_eustachio

Skill      XL: |  1  2 |
---------------+-------+-----
Dodging        | 3 |  3.4
Stealth        | 7 |  7.1
Fighting       | |  3.3
Unarmed Combat | |  2.4

Action                   || total
-------------------------++-------
Melee: Unarmed           ||    92
       Headbutt          ||    10
       Bite              ||     7
  Use: Potion            ||     4
       Scroll            ||     1
 Stab: Sleeping          ||     6
Armor: Skin              ||     5
Dodge: Dodged            ||    65
